Map: Blueshift LE

Players

HeroMarine

  • Race: Terran Terran
  • Spawn Location: 7:00

sOs - Winner!

  • Race: Protoss Protoss
  • Spawn Location: 1:00

Event: 2018 WCS Global Finals

VOD

Have the link to the VOD?

Description

Time

  • Played on: Oct. 28, 2018, 12:48 p.m.
  • Length: 18:08

All games in this series

Show
View Real Time Build Order
Export as new Build Order

HeroMarine Terran 

Build Orders: Liberator Opening 

Get SALT Encoding   

  12  0:00  SCV  
  13  0:12  SCV  
  14  0:16  Supply Depot  
  14  0:24  SCV  
  15  0:38  SCV  
  15  0:39  Barracks  
  16  0:43  Refinery  
  16  0:50  SCV  
  17  1:02  SCV  
  18  1:14  SCV  
  19  1:26  Marine  
  19  1:27  Orbital Command  
  20  1:46  Barracks Reactor  
  20  1:52  Command Center  
  20  1:53  SCV  
  21  2:00  Supply Depot  
  22  2:10  Factory  
  22  2:13  Bunker  
  22  2:15  SCV  
  22  2:22  Marine x2  
  24  2:27  SCV  
  24  2:39  SCV  
  24  2:43  Marine x2  
  27  2:50  Refinery  
  27  2:52  SCV  
  27  2:56  Widow Mine, Starport  
  30  3:02  Marine  
  30  3:04  Marine, SCV  
  33  3:13  Orbital Command  
  33  3:18  Widow Mine  
  35  3:20  SCV  
  35  3:23  Marine  
  38  3:32  Reaper, SCV  
  38  3:34  Viking  
  41  3:40  SCV  
  42  3:42  Factory Tech Lab  
  42  3:44  SCV  
  42  3:47  Supply Depot  
  43  3:49  Marine  
  43  3:53  SCV  
  45  3:59  Liberator  
  45  4:00  SCV  
  46  4:09  Marine, SCV  
  48  4:12  SCV  
  51  4:19  Supply Depot  
  51  4:21  SCV  
  52  4:24  SCV  
  53  4:31  Supply Depot  
  53  4:33  SCV  
  53  4:37  Engineering Bay  
  54  4:40  Marine x2  
  54  4:41  SCV, Siege Tank  
  54  4:44  Supply Depot  
  60  4:45  SCV  
  61  4:53  SCV  
  61  4:57  SCV  
  63  5:00  Marine x2  
  63  5:05  SCV  
  66  5:10  SCV  
  66  5:13  Command Center  
  66  5:15  Siege Tank  
  66  5:17  SCV  
  70  5:22  Marine x2, SCV  
  73  5:29  SCV  
  73  5:31  Barracks  
  74  5:36  SCV  
  74  5:37  Barracks  
  74  5:40  Marine x2  
  74  5:41  SCV  
  74  5:48  SCV  
  72  5:53  SCV  
  72  5:55  Engineering Bay  
  72  5:56  Refinery  
  73  5:59  Marine x2  
  73  6:00  SCV  
  73  6:05  Terran Infantry Weapons Level 1, SCV  
  73  6:08  Factory Tech Lab, Supply Depot  
  73  6:09  Starport Reactor  
  74  6:12  SCV  
  74  6:15  Refinery  
  74  6:17  Marine x2, SCV  
  76  6:21  Missile Turret  
  76  6:24  Barracks  
  76  6:25  SCV  
  77  6:26  Barracks  
  77  6:27  Orbital Command  
  77  6:29  Terran Infantry Armor Level 1  
  77  6:30  SCV  
  77  6:31  Stimpack  
  78  6:39  Factory Reactor  
  82  6:40  Marauder x2  
  82  6:45  Marine x2  
  82  6:46  SCV x2  
  86  6:49  Combat Shield  
  86  6:53  Supply Depot  
  86  6:54  Medivac x2  
  86  6:57  Supply Depot  
  86  6:58  Missile Turret  
  86  7:01  Marauder x2  
  93  7:02  SCV x2  
  93  7:03  SCV  
  93  7:08  Marine x2  
  97  7:12  Supply Depot  
  97  7:14  SCV x2  
  99  7:19  Barracks Tech Lab  
  99  7:20  Missile Turret  
  99  7:23  Marauder  
  99  7:24  Marauder, Factory Reactor  
  99  7:26  Medivac  
  99  7:28  Medivac  
  109  7:35  Supply Depot  
  109  7:39  Marine x3, Armory, Orbital Command  
  109  7:40  Marine x2  
  109  7:41  SCV x2  
  112  7:45  Refinery  
  112  7:47  Marine x2  
  113  7:57  Marine x4  
  113  8:00  Marine  
  113  8:03  Orbital Command, SCV x2  
  113  8:05  Marine  
  116  8:07  Widow Mine, Medivac x2  
  116  8:08  Widow Mine  
  121  8:12  Marine  
  121  8:15  Marine x2  
  121  8:16  Marine x2  
  126  8:21  SCV  
  126  8:22  SCV  
  126  8:23  Marine x2  
  130  8:30  Terran Infantry Weapons Level 2  
  130  8:33  Marine  
  132  8:34  Supply Depot  
  132  8:37  Supply Depot  
  132  8:39  Marine, Refinery  
  132  8:40  Refinery  
  133  8:45  Marine  
  133  8:46  Marauder x2  
  137  8:52  Missile Turret, Marine x2  
  137  8:55  Missile Turret  
  138  8:57  Marine  
  138  8:58  Widow Mine  
  138  8:59  Widow Mine  
  138  9:02  Supply Depot  
  143  9:06  Medivac x2  
  143  9:08  Marauder  
  149  9:15  Bunker  
  149  9:16  Marine x2, Bunker  
  122  9:24  Marauder x2, Marine x2  
  122  9:27  Widow Mine x2  
  122  9:28  Marine  
  129  9:34  SCV x2  
  129  9:38  Marine x2  
  123  9:44  Marine x2  
  122  9:46  Marauder x2  
  122  9:47  Marine  
  122  9:50  Widow Mine  
  122  9:51  Widow Mine, SCV  
  128  9:55  Marine  
  125  10:00  Medivac x2  
  125  10:01  Marine  
  125  10:02  Marine x2  
  125  10:05  Marauder  
  125  10:07  Marauder, Marine  
  133  10:13  Marine, Liberator x2  
  135  10:17  Widow Mine x2  
  135  10:19  Marine x2  
  135  10:20  Marine  
  138  10:25  Marauder  
  138  10:26  Marine  
  138  10:28  Marine  
  140  10:31  Marine  
  140  10:34  SCV  
  149  10:40  Supply Depot  
  149  10:41  Missile Turret, Supply Depot  
  149  10:43  Supply Depot  
  149  10:47  Marine  
  149  10:48  Marine  
  149  10:49  Marine  
  149  10:50  Marine x2  
  149  10:51  Marauder  
  149  10:52  Marauder  
  129  10:59  SCV x3  
  129  11:01  Liberator  
  129  11:02  Liberator  
  128  11:05  Marine  
  128  11:06  Marine  
  128  11:07  Marine x2  
  128  11:08  Marauder  
  128  11:09  Widow Mine x2  
  128  11:11  SCV  
  127  11:12  Marauder  
  127  11:13  Marine  
  127  11:14  SCV  
  131  11:23  Marine  
  131  11:24  Marine  
  131  11:25  Marine x2  
  135  11:29  Ghost Academy  
  135  11:30  Supply Depot  
  136  11:34  Marine x3  
  136  11:36  Missile Turret  
  136  11:39  Missile Turret  
  139  11:41  Marine  
  139  11:45  Marine  
  139  11:46  Marine  
  142  11:53  Marauder x2  
  142  11:54  Marauder, Marine  
  148  11:55  Widow Mine x2  
  148  12:00  Terran Infantry Weapons Level 3  
  153  12:03  Marine x2  
  152  12:10  Marine  
  152  12:12  Marine  
  156  12:16  Concussive Shells  
  156  12:17  Widow Mine x2  
  156  12:21  Marine x2  
  159  12:26  Terran Infantry Armor Level 2  
  159  12:27  Ghost x2  
  158  12:30  Marine x3  
  158  12:36  Liberator  
  161  12:39  Marine x2, Liberator  
  161  12:43  Widow Mine x2  
  167  12:48  Ghost, Marine x2  
  171  12:52  Supply Depot  
  177  13:01  Marauder x2  
  181  13:13  Marine x3  
  181  13:17  Marauder  
  147  13:29  Marauder x2, Marine  
  147  13:32  Widow Mine x2, Marine  
  147  13:33  Marine  
  146  13:36  Medivac  
  146  13:39  Marauder, Medivac  
  146  13:40  Marine  
  153  13:47  Marine  
  148  13:48  Liberator  
  148  13:50  Marine  
  148  13:52  Marine x2, Liberator  
  149  13:56  Widow Mine  
  149  13:57  Marine  
  149  13:58  Marine  
  153  14:05  Marine x2  
  153  14:09  Marine  
  159  14:10  Marine  
  159  14:14  Marine  
  159  14:15  Marine  
  159  14:17  Marine  
  159  14:23  Marine x2  
  160  14:27  Marine  
  160  14:28  Marine  
  162  14:31  Marine  
  162  14:33  Marine  
  162  14:35  Marine  
  152  14:50  Marine x3  
  152  14:51  Marine x2  
  152  14:52  Marine  
  131  14:55  Marine  
  83  15:08  Marine x3  
  83  15:09  Marine x2  
  83  15:10  Marine  
  83  15:12  Marine  
  84  15:25  Marine  
  84  15:26  Marine x2  
  78  15:30  Marine x2  
  78  15:34  Marine x2  
  81  15:44  Marine x3  
  81  15:47  Marine x2  
  75  15:52  Marine x2  
  65  16:02  Marine x3  
  63  16:05  Marine x2, Medivac  
  63  16:10  Marine, Medivac  
  70  16:17  Liberator  
  70  16:19  Marine x2  
  70  16:20  Marine  
  70  16:21  Ghost  
  70  16:22  Liberator  
  70  16:23  Ghost  
  74  16:35  Marine x2  
  74  16:37  Marine x2  
  74  16:38  Marine  
  74  16:39  Marine  
  83  16:46  Orbital Command  
  86  16:50  Ghost  
  86  16:51  Ghost  
  86  16:53  Marine  
  90  16:54  Marine  
  90  16:55  Marine  
  90  16:56  Marine x2  
  90  17:00  Liberator  
  92  17:05  Marine  
  93  17:10  Marine  
  93  17:12  Marine  
  93  17:13  Marine x2  
  99  17:22  Marine  
  102  17:23  Marauder x2  
  102  17:27  Missile Turret  
  105  17:30  Marine x2  
  105  17:33  Marine  
  105  17:36  Marine x2  
  110  17:40  Marine  
  100  17:44  Marine x2  
  100  17:48  Marine x2  
Show
View Real Time Build Order
Export as new Build Order

sOs Protoss - Winner!

Build Orders: Double Forge, Blink Stalkers 

Get SALT Encoding   

  12  0:00  Probe  
  13  0:12  Probe  
  14  0:17  Pylon  
  14  0:24  Probe  
  15  0:32  Probe  
  15  0:38  Gateway  
  15  0:40  Probe  
  16  0:47  Assimilator  
  17  0:51  Probe  
  17  0:56  Assimilator  
  18  1:03  Probe  
  19  1:15  Probe  
  19  1:18  Pylon  
  20  1:26  Cybernetics Core  
  20  1:27  Zealot  
  20  1:29  Probe  
  23  1:35  Assimilator  
  23  1:42  Probe  
  24  1:54  Adept  
  26  2:09  Nexus  
  26  2:14  Warp Gate  
  26  2:18  Probe  
  26  2:22  Stalker  
  29  2:33  Probe, Pylon  
  30  2:45  Probe  
  30  2:50  Twilight Council  
  31  2:55  Stalker  
  31  2:57  Probe  
  34  3:11  Probe  
  35  3:22  Probe x2  
  35  3:24  Robotics Facility  
  37  3:30  Probe x2  
  37  3:32  Blink  
  37  3:38  Probe  
  37  3:40  Probe  
  41  3:49  Probe  
  41  3:53  Probe  
  41  3:55  Gateway x2  
  43  4:01  Probe  
  44  4:05  Probe  
  45  4:16  Probe  
  41  4:17  Probe  
  41  4:21  Observer  
  42  4:27  Stalker  
  42  4:31  Probe  
  42  4:32  Nexus, Probe  
  42  4:35  Pylon  
  44  4:46  Observer  
  44  4:49  Forge  
  44  4:50  Forge  
  44  4:51  Stalker x2  
  49  4:54  Stalker  
  49  4:56  Probe  
  49  4:58  Probe  
  53  5:12  Protoss Ground Weapons Level 1, Protoss Ground Armor Level 1  
  53  5:18  Gateway  
  53  5:21  Gateway  
  53  5:28  Gateway  
  53  5:29  Gateway  
  53  5:32  Gateway  
  53  5:40  Stalker x2  
  53  5:41  Stalker  
  59  5:46  Probe  
  48  5:58  Probe  
  49  6:04  Stalker  
  49  6:06  Warp Prism  
  49  6:08  Probe x2  
  49  6:10  Probe  
  56  6:18  Probe, Stalker  
  56  6:20  Probe  
  56  6:21  Probe  
  61  6:26  Observer, Probe  
  61  6:32  Probe  
  63  6:33  Probe  
  63  6:35  Zealot x4  
  63  6:37  Probe  
  63  6:38  Pylon  
  63  6:39  Observer, Sentry  
  75  6:49  Probe  
  75  6:52  Pylon  
  76  7:02  Charge  
  76  7:07  Stalker  
  76  7:08  Zealot x3, Stalker  
  80  7:14  Zealot x3  
  90  7:18  Pylon  
  90  7:19  Pylon  
  90  7:21  Pylon  
  90  7:22  Pylon  
  90  7:23  Probe  
  90  7:24  Probe x2  
  93  7:35  Protoss Ground Weapons Level 2  
  93  7:37  Zealot  
  93  7:38  Zealot x4  
  103  7:57  Warp Prism  
  103  7:58  Zealot x8  
  111  8:17  Probe  
  111  8:18  Pylon  
  111  8:19  Stalker x3  
  116  8:20  Zealot x2  
  116  8:21  Zealot, Stalker  
  124  8:32  Protoss Ground Armor Level 2, Pylon  
  124  8:35  Assimilator  
  124  8:37  Observer  
  124  8:44  Zealot x4  
  124  8:46  Pylon  
  132  8:55  Zealot x3  
  132  8:56  Zealot  
  132  9:02  Pylon  
  136  9:20  Probe x3  
  91  9:27  Zealot x8  
  97  9:32  Immortal  
  95  9:39  Probe  
  95  9:42  Nexus  
  90  9:55  Sentry  
  90  9:56  Zealot x7  
  98  10:00  Probe  
  98  10:01  Immortal  
  97  10:13  Observer  
  99  10:15  Protoss Ground Armor Level 3  
  99  10:19  Zealot x2  
  99  10:20  Zealot x2, Stalker x2  
  99  10:21  Zealot x2  
  105  10:40  Protoss Ground Weapons Level 3  
  105  10:41  Stalker x3  
  105  10:42  Zealot x3  
  117  10:45  Zealot x2  
  115  10:50  Warp Prism  
  101  11:06  Observer  
  101  11:10  Zealot x7  
  105  11:24  Observer  
  105  11:28  Probe  
  105  11:29  Probe x2  
  105  11:30  Probe  
  105  11:32  Zealot x6  
  121  11:40  Stalker x2  
  121  11:44  Pylon  
  125  11:52  Probe  
  126  11:57  Stalker x3  
  126  11:59  Zealot x3  
  138  12:13  Zealot x2  
  138  12:15  Pylon  
  142  12:23  Zealot  
  142  12:24  Stalker x3  
  142  12:26  Probe  
  142  12:28  Zealot x2  
  142  12:29  Gateway  
  155  12:30  Gateway  
  155  12:47  Nexus  
  155  12:49  Stalker x4  
  163  12:54  Zealot x4  
  171  13:04  Pylon  
  171  13:08  Observer  
  169  13:22  Zealot  
  169  13:23  Zealot x7  
  169  13:24  Immortal  
  169  13:25  Protoss Shields Level 1  
  119  13:40  Zealot x2  
  121  13:44  Sentry, Zealot x7  
  133  14:03  Zealot x2  
  133  14:08  Zealot x4  
  133  14:09  Sentry, Stalker x3  
  153  14:10  Warp Prism  
  153  14:26  Stalker x2  
  153  14:30  Stalker x2  
  153  14:31  Zealot x2  
  165  14:32  Zealot  
  167  14:44  Immortal  
  163  14:48  Zealot x2  
  163  14:49  Zealot x3  
  163  14:52  Zealot x3  
  113  15:02  Zealot x2  
  105  15:09  Zealot x5  
  105  15:13  Zealot x8  
  87  15:30  Stalker x2  
  87  15:33  Stalker x3  
  87  15:34  Stalker x3  
  87  15:35  Zealot x2  
  93  15:43  Observer  
  93  15:45  Probe  
  78  15:52  Zealot x3  
  78  15:53  Zealot  
  78  15:56  Probe  
  75  16:03  Probe  
  74  16:04  Immortal  
  74  16:06  Zealot  
  74  16:10  Sentry  
  74  16:11  Zealot x3, Stalker  
  84  16:17  Zealot, Stalker  
  94  16:29  Zealot x2, Assimilator, Stalker  
  100  16:34  Warp Prism  
  102  16:47  Observer, Stalker  
  102  16:48  Zealot x5  
  114  17:03  Observer, Zealot x4  
  122  17:10  Assimilator  
  122  17:16  Stalker  
  122  17:17  Zealot x2, Stalker  
  122  17:18  Zealot  
  122  17:21  Zealot  
  134  17:40  Stalker x2  
  134  17:41  Zealot x7  
  124  17:57  Zealot  
  108  18:03  Zealot  
  108  18:04  Zealot x8  
Tags
 
Add a new tag
Caveats
  • Supply blocks, unpowered buildings, or Contaminate may cause inaccurate times.
  • Supply counts are checked every 10 seconds.